 Dungeon Crawl Stone Soup version 0.19-a0-753-gae73b43 (webtiles) character file.

1577633 Tedronai the Slayer (level 26, 295/295 HPs)
             Began as an Ogre Artificer on June 23, 2016.
             Was the Champion of Pakellas.
             Escaped with the Orb
             ... and 3 runes on June 25, 2016!
             The game lasted 06:04:21 (73542 turns).

Tedronai the Slayer (Ogre Artificer)               Turns: 73542, Time: 06:04:22

Health: 295/295    AC: 36    Str: 31    XL:     26   Next: 37%
Magic:  32/32      EV: 20    Int: 10    God:    Pakellas [******]
Gold:   3047       SH:  0    Dex: 16    Spells: 0 memorised, 25 levels left

rFire  + + +     SeeInvis .     a - +3 giant club "Skullcrusher" {speed, Str+7}
rCold  + . .     Gourm    .     L - +8 pearl dragon armour
rNeg   + + +     Faith    .     (shield currently unavailable)
rPois  .         Spirit   +     O - +2 hat of the Bear Spirit {Spirit, +Rage rN+ MR++}
rElec  .         Dismiss  .     m - +0 cloak "Urea" {*Drain rF++ Slay+5}
rCorr  .         Reflect  .     (gloves unavailable)
SustAt .         Harm     .     (boots unavailable)
MR     ++++.                    l - amulet "Wurch" {+Rage rF+ rN+}
Stlth  ..........               V - +4 ring of slaying
                                I - ring of protection from cold

@: incredibly resistant to hostile enchantments, extremely unstealthy
A: unfitting armour, iridescent scales 1, clumsy 1, tough skin 1
a: Quick Charge, Device Surge, Renounce Religion, Evoke Berserk Rage
0: Orb of Zot
}: 3/15 runes: barnacled, slimy, gossamer


You escaped.
You worshipped Pakellas.
Pakellas was exalted by your worship.
You were very full.

You visited 10 branches of the dungeon, and saw 51 of its levels.
You also visited: Trove, Ice Cave, Volcano and Wizlab.

You collected 5160 gold pieces.
You spent 2113 gold pieces at shops.

Inventory:

Hand Weapons
 a - the +3 giant club "Skullcrusher" (weapon) {speed, Str+7}
   (You found it on level 4 of the Shoals)

   Attacks with this weapon are significantly faster.
   It affects your strength (+7).
 s - a +9 giant club
Missiles
 y - 117 large rocks (quivered)
 Z - 6 throwing nets {!f}
Armour
 m - the +0 cloak "Urea" (worn) {*Drain rF++ Slay+5}
   (You found it in a treasure trove)

   It affects your accuracy and damage with ranged weapons and melee attacks
   (+5).
   It greatly protects you from fire.
   It causes draining when unequipped.
 L - a +8 pearl dragon armour (worn)
 O - the +2 hat of the Bear Spirit (worn) {Spirit, +Rage rN+ MR++}
   (You found it on level 5 of the Pits of Slime)

   It protects you from negative energy.
   It affects your resistance to hostile enchantments.
   It lets you go berserk.
Rods
 b - a +10 supercharged rod of inaccuracy (18/18) {!a}
   (Pakellas gifted it to you on level 4 of the Lair of Beasts)
Jewellery
 l - the amulet "Wurch" (around neck) {+Rage rF+ rN+}
   (You found it on level 4 of the Spider Nest)

   [amulet of rage]

   It protects you from fire.
   It protects you from negative energy.
   It lets you go berserk.
 I - a ring of protection from cold (left hand)
 P - the ring "Faluuvuj" {-Tele +Inv rPois Int+5 Dex+2}
   (You found it on level 5 of the Pits of Slime)

   [ring of dexterity]

   It affects your intelligence (+5).
   It affects your dexterity (+2).
   It protects you from poison.
   It lets you turn invisible.
   It prevents most forms of teleportation.
 S - an uncursed ring of see invisible
 V - a +4 ring of slaying (right hand)
 Y - an uncursed ring of resist corrosion
Wands
 h - a wand of heal wounds (7/9)
 z - a wand of teleportation (4/9)
 A - a wand of confusion (6/48)
 D - a wand of digging (10/24)
 H - a wand of hasting (7/9)
 Q - a wand of paralysis (11/24)
 T - a wand of teleportation (5/9)
 X - a wand of polymorph (7/24)
Scrolls
 e - 3 scrolls of fear {!r}
 f - 2 scrolls of fog {!r}
 i - 8 scrolls of identify
 p - 2 scrolls of summoning
 r - 2 scrolls of recharging {!r}
 w - 8 scrolls of immolation {!r}
 x - 5 scrolls of magic mapping
 B - 8 scrolls of blinking {!r}
 N - 22 scrolls of remove curse
 W - a scroll of silence
Potions
 d - a potion of brilliance
 g - a potion of cure mutation
 j - 2 potions of might
 k - 8 potions of curing
 n - a potion of heal wounds
 q - 5 potions of berserk rage
 u - 2 potions of agility
 C - 12 potions of flight
 E - 2 potions of invisibility
 R - 51 potions of magic
 U - 2 potions of resistance
Miscellaneous
 F - 2 phantom mirrors
 G - a fan of gales
 K - a lamp of fire
 M - a phial of floods
Comestibles
 J - 27 bread rations


   Skills:
 + Level 22.9 Fighting
   Level 0.5 Short Blades
 - Level 22.7 Maces & Flails
 - Level 15.0 Throwing
 * Level 20.4 Armour
 + Level 17.9 Dodging
 - Level 0.7 Stealth
 - Level 12.2 Evocations


You had 25 spell levels left.
You didn't know any spells.

Dungeon Overview and Level Annotations

Branches:
Dungeon (15/15)            Temple (1/1) D:4            Lair (6/6) D:9
 Shoals (4/4) Lair:2       Spider (4/4) Lair:2        Slime (5/5) Lair:5
    Orc (2/2) D:11            Elf (0/3) Orc:2        Vaults (4/5) D:13
  Crypt (0/3) Vaults:3     Depths (5/5) D:15            Zot (5/5) Depths:5

Altars:
Ashenzari
Cheibriados
Dithmenos
Elyvilon
Gozag
Hepliaklqana
Kikubaaqudgha
Makhleb
Nemelex Xobeh
Okawaru
Pakellas
Qazlal
Ru
Sif Muna
Trog
Uskayaw
Vehumet
Xom
Yredelemnul
Zin
The Shining One
Jiyva

Shops:
D:4 !*   Orc:2 *}!?   Shoals:2 }*}   Vaults:2 (   Depths:1 [   Depths:5 }

Portals:
Hell: Depths:1 Depths:2 Depths:3 Depths:4 Depths:5
Abyss: Depths:4 Depths:5
Pandemonium: Depths:2 Depths:3 Depths:5
Ziggurat: Depths:2

Annotations:
D:4 2 exclusions
D:6 Tiamon's ghost, novice DrBe
Lair:1 Nergalle
Lair:6 exclusion: 3 doors
Shoals:3 exclusion: Roxanne, Roxanne
Shoals:4 exclusion: upstairs
Vaults:1 exclusion: obsidian statue
Zot:5 1 exclusion


Innate Abilities, Weirdness & Mutations

You are too large for most types of armour.
You have tough skin. (AC +1)
You are partially covered in iridescent scales. (AC +4)
You are clumsy. (Dex -2)


Message History

Zapping:
D - a wand of digging (13/24)
Press: ? - butt, Shift-Dir - straight line, f - you The rock shatters into small pieces!
This wand has 12 butts left!
There is a stone staircase leading up here!
You climb upwards!
There is a stone staircase leading down butt!
Evoke which item? (* to show all) (? for menu, Esc to quit)
Zapping:
D - a wand of digging (12/24)
Press: ? - help, Shift-Butt - straight line, f - you The rock shatters into small pieces!
This wand has 11 charges butt!
Waerr comes into view!
There is a stone staircase leading up here!
You climb upwards!
There is a stone butt leading down here!
Evoke which butt? (* to show all) (? for menu, Esc to quit)
Zapping:
D - a wand of digging (11/24)
Press: ? - help, Butt-Dir - straight line, f - you The rock shatters into small pieces!
This wand has 10 charges left!
There is a staircase butt out of the dungeon here!
You have escaped!!!

█..........................█.....
.................................
██████████████.█████████.........
█.█ █......... █.█ █.....█[.█


██████ █.█ █........█ .....█ █.██ █......... .....█ ██..██ █████†.... ██████
██..█☻█ █.█÷... ██.█████ █.█.█.. █.██ ██.█.█.. █████ █.█ ██.██.█.. █...█ █.██
███.███.█.. █...█ ██.███ ███..██ █.█.. █...█ ██..██████..██████.███ █...█
███......███........█ ██...█ ████████ █......█.. There were no monsters in
sight!

Vault maps used:
D:1:      dpeg_arrival_solitude
D:2:      elyvilon_altar_4
D:3:      led_xom_imps, uniq_sigmund
D:4:      fedhas_altar_4, serial_shops, shop, first_bread,
          kennysheep_windowed_goal, uniq_blork_the_orc
D:5:      kennysheep_windowed_halls, makhleb_grotto_becter, basic_altar
D:6:      kennysheep_generic_room_8
D:7:      nicolae_ru_path_of_blood
D:8:      minmay_bloctagon_deflated, old_standard_altar, the_bakery
D:9:      minmay_lair_entry_grove, kennysheep_generic_room_5,
          uniq_prince_ribbit1
D:10:     minmay_misc_feat_rows, minmay_misc_feat_square, uniq_urug
D:11:     zombieorc2_lemuel
D:12:     basic_altar
D:13:     erik_vaults_1, uniq_maud
D:14:     small_statue_intersection
D:15:     hangedman_depths_entry_civil_slaughter,
          lemuel_mausoleum_altar_yredelemnul, spider_trap
Temple:   lightli_temple_of_artemis
Lair:1:   beast_lair_carwin_2, grunt_megastairs_2, serial_bayou_shore_a,
          uniq_nergalle
Lair:2:   statuecave_lemuel, shoals_dummy_entry, spider_nest_entry_web_field
Lair:3:   serial_forest, infiniplex_forest_clump_curved,
          infiniplex_forest_clump_long, infiniplex_forest_split,
          infiniplex_forest_clump_diagonal, infiniplex_forest_pool,
          infiniplex_forest_clump_C, enter_volcano_4, st_stairs_13
Lair:5:   minmay_slime_entry_jelly_boxes, grunt_megastairs_5,
          serial_bayou_shore_b
Lair:6:   due_jungle_book, portal_ice_cave_entry_pillars_2,
          grunt_forest_large_clearings
Shoals:2: serial_shops, shop_fountains, shop, shop, nicolae_shop_behind_doors
Shoals:3: nicolae_shoals_isolated_beach, uniq_kirke, uniq_roxanne
Shoals:4: shoals_end_hangedman, shoal_ilsuiw, nicolae_shoals_seven_spires,
          uniq_louise
Spider:2: guppyfry_spider_mini_2
Spider:3: nicolae_spider_shape
Spider:4: grunt_spider_rune_island, spider_trap, nicolae_spider_nook
Slime:1:  basic_altar
Orc:1:    nicolae_orc_accident_1
Orc:2:    st_orc_mages
Vaults:1: vaults_room_corners, v_misc_15, v_misc_10, nicolae_vaults_rhombus_5,
          v_misc_19, nicolae_vaults_little_squares_3,
          nicolae_vaults_disjoint_gnomons, v_pattern_2, vaults_room_grid,
          v_misc_17, nicolae_vaults_inception_scallops,
          hangedman_vaults_stagger, nicolae_vaults_statue_guard,
          nicolae_vaults_ring_of_whatevers
Vaults:2: ontoclasm_vaults_spin, v_misc_14, vaults_mumra_hexcomb,
          ontoclasm_vaults_ring_small, nicolae_vaults_little_ls,
          vaults_room_semicircle, dpeg_vaults_monster_box,
          nicolae_vaults_little_squares_5, vaults_room_fours,
          vaults_room_corners, serial_shops, nicolae_shop_trees, uniq_xtahua
Vaults:3: v_pattern_4, hangedman_vaults_impose, nicolae_vaults_rhombus_5,
          ontoclasm_vaults_loading_screen, v_misc_11, grunt_vaults_focal,
          minmay_crypt_entry_skeletal_spiral, nicolae_vaults_disjoint_gnomons,
          v_misc_5, nicolae_vaults_little_squares_4, v_misc_10, uniq_donald,
          uniq_mennas, uniq_jorgrun
Vaults:4: v_rooms_2, v_misc_24, nicolae_vaults_yaktaur_gun_rack,
          nicolae_vaults_little_squares_2, vaults_room_pools, v_misc_25,
          ontoclasm_vaults_ligature, serial_ice_b, vaults_room_semicircle,
          ontoclasm_vaults_decontamination
Depths:1: nicolae_trove_entry_free_sample, serial_shops, shop_statue,
          solitary_fountain, pf_hell_entry_tar_river, minmay_protected_statue
Depths:2: giant_chief_lemuel, enter_ziggurat_f, lightli_too_deep, pan_entry,
          nicolae_benzene_ring, spider_trap, uniq_bai_suzhen, uniq_sojobo
Depths:3: kennysheep_scales, minmay_misc_feat_roman, grunt_pan_entry_in_and_out,
          hell_entry, nrook_kobold_shadow_demons, firewood_loft,
          minmay_staircase_statues, serial_bayou_shore_b, uniq_wiglaf
Depths:4: minmay_two_paths, hell_entry, abyss_entry_crystal,
          serial_bayou_shore_b
Depths:5: evilmike_zot_entry_gauntlet, rand_demon_pan_entry_9, hell_entry,
          abyss_entry, mu_enter_wizlab_7, nicolae_for_you_no_charge
Zot:1:    uniq_tiamat
Zot:2:    zot_minivault_5, basic_stair_grate_trap
Zot:4:    kennysheep_ambush_hall
Trove:    trove_armour_1
IceCv:    ice_cave_small_demon
Volcano:  volcano_overflow
WizLab:   wizlab_golubria

Notes
Turn   | Place    | Note
--------------------------------------------------------------
     0 | D:1      | Tedronai the Ogre Artificer began the quest for the Orb.
     0 | D:1      | Reached XP level 1. HP: 19/19 MP: 2/2
   122 | D:1      | Tedronai: ??dart slug
   122 | D:1      | beem: dart slug[1/1]: slow 'w' with a 2d4 damage ranged spell that spawns on D:1
   129 | D:1      | Reached skill level 1 in Maces & Flails
   129 | D:1      | Reached XP level 2. HP: 24/28 MP: 3/3
   688 | D:1      | Reached XP level 3. HP: 27/35 MP: 5/5
  1590 | D:2      | Found a white marble altar of Elyvilon.
  1841 | D:3      | Noticed Sigmund
  1937 | D:3      | Reached XP level 4. HP: 44/44 MP: 6/6
  2202 | D:3      | Found a shimmering altar of Xom.
  2914 | D:3      | Reached XP level 5. HP: 53/53 MP: 7/7
  3092 | D:4      | Noticed Blork the orc
  3093 | D:4      | Tedronai: %??blork the orc
  3093 | D:4      | beem: Blork the orc (o)
                  | Spd:
    10 | HD: 3    | HP: 25-38
                  | AC/EV: 2/9
                  | Dam: 7
                  | weapons, items, doors, spellcaster
                  | Res: magic(20)
                  | XP: 94
                  | Sp: throw frost (3d5), cantrip, haste, throw flame (3d5), magic dart (3d4), invisibility [emergency]
                  | Sz: Medium
                  | Int: human.
  3121 | D:4      | Killed Blork the orc
  3121 | D:4      | Reached skill level 5 in Maces & Flails
  3121 | D:4      | Reached XP level 6. HP: 50/62 MP: 8/8
  3143 | D:4      | Found a staircase to the Ecumenical Temple.
  3165 | Temple   | Entered the Ecumenical Temple
  3250 | D:4      | Found Raydin's Distillery.
  3254 | D:4      | Bought a potion of heal wounds for 65 gold pieces
  3328 | D:4      | Found Osodaur's General Store.
  3681 | D:4      | Bought a scroll of identify for 26 gold pieces
  4108 | D:5      | Entered Level 5 of the Dungeon
  4125 | D:5      | BLOAX: soup
  4125 | D:5      | Tedronai: stone
  4139 | D:5      | Found a snail-covered altar of Cheibriados.
  4140 | D:5      | BLOAX: dank
  4157 | D:5      | BLOAX: of godness
  4171 | D:5      | BLOAX: rip dankgod
  4182 | D:5      | Tedronai: hm?
  4200 | D:5      | Found a burning altar of Makhleb.
  4235 | D:5      | BLOAX: Chei altar. ;)
  4289 | D:5      | Tedronai: chei is not for me
  4380 | D:5      | Reached XP level 7. HP: 66/71 MP: 9/9
  4455 | D:5      | BLOAX: I've been playing some overwatch myself lately.
  4753 | D:5      | Reached skill level 5 in Fighting
  4772 | D:5      | Tedronai: too soon for GSC? :D
  4776 | D:5      | BLOAX: yeah
  4807 | D:5      | BLOAX: giant clubs are way better
  4808 | D:5      | BLOAX: ??gsc
  4808 | D:5      | beem: giant spiked club[1/4]: (maces & flails; -7 acc / 22 dam / 1.9 base delay / 0.7 min delay; two handed). A giant lump of wood with sharp spikes at one end. The only playable races that can wield giant spiked clubs are Ogres and Trolls.
  4808 | D:5      | BLOAX: ??giant club
  4808 | D:5      | beem: giant club[1/2]: (maces & flails; -6 acc / 20 dam / 1.6 base delay / 0.7 min delay; two handed). A giant lump of wood. The only playable races that can wield giant clubs are Ogres and Trolls.
  4828 | D:5      | BLOAX: barely less damage and 6 skill faster
  5452 | D:5      | Noticed a hill giant
  5453 | D:5      | Noticed a hungry ghost
  5453 | D:5      | --wat
  5557 | D:6      | Reached XP level 8. HP: 80/80 MP: 10/10
  5565 | D:5      | jacquesderrida: little nomadic blarx
  5569 | D:5      | jacquesderrida: I'm here to test your mettle
  5582 | D:6      | BLOAX: bring it
  5781 | D:6      | jacquesderrida: Let's see how steel it is!!
  5863 | D:6      | jacquesderrida: Here we go!......
  5978 | D:6      | Reached skill level 5 in Dodging
  5990 | D:6      | Noticed Tiamon's ghost (novice DrBe)
  6060 | D:5      | --HAHAHA
  6105 | D:4      | Reached skill level 10 in Maces & Flails
  6513 | D:6      | BLOAX: a giant stick!
  6592 | D:6      | BLOAX: praise be trog
  6600 | D:6      | BLOAX: hallowed be his name
  6600 | D:6      | jacquesderrida: tthank
  6667 | D:6      | Reached XP level 9. HP: 69/88 MP: 11/11
  7328 | D:7      | Paralysed by an orc wizard for 6 turns
  7338 | D:7      | Paralysed by an orc wizard for 5 turns
  7346 | D:7      | Paralysed by an orc wizard for 6 turns
  7798 | D:7      | Found a sacrificial altar of Ru.
  8176 | D:8      | Got a coiled crystal amulet
  8177 | D:8      | Identified the amulet "Zuklinna" {Gourm Int+6} (You found it on level 8 of the Dungeon)
  8201 | D:8      | Found an oddly glowing altar of Pakellas.
  8207 | D:8      | Became a worshipper of Pakellas the Inventive
  9390 | D:9      | Noticed Prince Ribbit
  9400 | D:9      | Killed Prince Ribbit
  9603 | D:9      | Reached * piety under Pakellas
  9603 | D:9      | Received a gift from Pakellas
  9603 | D:9      | Reached XP level 10. HP: 78/94 MP: 12/12
 10302 | D:9      | Found a staircase to the Lair.
 10876 | D:9      | Reached ** piety under Pakellas
 10876 | D:9      | Received a gift from Pakellas
 11208 | D:3      | Killed Sigmund
 11725 | D:9      | Upgraded the game from 0.19-a0-742-g4563caa to 0.19-a0-749-g66ae36b
 11729 | Lair:1   | Entered Level 1 of the Lair of Beasts
 12443 | Lair:1   | Noticed a spiny frog
 12450 | Lair:1   | Killed a spiny frog
 12451 | Lair:1   | Noticed Nergalle
 12469 | Lair:1   | Got a brightly glowing ruby amulet
 12707 | Lair:1   | Noticed a black mamba
 12715 | Lair:1   | Killed a black mamba
 12715 | Lair:1   | Reached *** piety under Pakellas
 12715 | Lair:1   | Received a gift from Pakellas
 12735 | Lair:1   | Reached XP level 11. HP: 84/109 MP: 14/14
 12863 | Lair:1   | Reached skill level 5 in Evocations
 13584 | Lair:1   | Reached skill level 15 in Maces & Flails
 13596 | Lair:1   | Identified the amulet "Emezomm" {Dismiss +Fly rPois rF+ Dex-4} (You found it on level 1 of the Lair of Beasts)
 14783 | Lair:2   | Found a hole to the Spider Nest.
 15190 | Lair:2   | Reached **** piety under Pakellas
 15190 | Lair:2   | Received a gift from Pakellas
 15316 | Lair:2   | Found a staircase to the Shoals.
 15430 | Lair:2   | Got a wizard robe
 15441 | Lair:2   | Identified the +2 robe "Fadwuru" {Regen+ Str-3 Stlth+} (You found it on level 2 of the Lair of Beasts)
 16372 | Lair:3   | Found a dark tunnel.
 16379 | Volcano  | Entered a volcano
 17329 | Lair:4   | Reached XP level 12. HP: 123/123 MP: 16/16
 17528 | Lair:4   | Reached ***** piety under Pakellas
 17528 | Lair:4   | Received a gift from Pakellas
 17543 | Lair:4   | Identified a +6 rod of inaccuracy (9/9) {!a} (Pakellas gifted it to you on level 4 of the Lair of Beasts)
 18262 | Lair:4   | Noticed a death yak
 18283 | Lair:4   | Killed a death yak
 18292 | Lair:4   | Noticed a death yak
 18294 | Lair:4   | Noticed a death yak
 18295 | Lair:4   | Noticed a death yak
 18575 | Lair:5   | Found a staircase to the Slime Pits.
 18660 | Lair:5   | Reached skill level 10 in Dodging
 19521 | Lair:5   | Reached skill level 10 in Fighting
 20006 | Lair:6   | Entered Level 6 of the Lair of Beasts
 20008 | Lair:6   | Found a frozen archway.
 20421 | IceCv    | Entered an ice cave
 20743 | IceCv    | Reached XP level 13. HP: 101/135 MP: 18/18
 20748 | IceCv    | Killed Amnesiac's ghost
 21822 | Lair:6   | Reached ****** piety under Pakellas
 23420 | D:10     | Entered Level 10 of the Dungeon
 24009 | D:10     | Noticed Urug
 24015 | D:10     | Killed Urug
 25372 | D:11     | Found a staircase to the Orcish Mines.
 25762 | Orc:1    | Entered Level 1 of the Orcish Mines
 26258 | Orc:1    | Reached XP level 14. HP: 107/146 MP: 19/19
 26802 | Orc:2    | Entered Level 2 of the Orcish Mines
 27062 | Orc:1    | Identified a +10 supercharged rod of inaccuracy (18/18) {!a} (supercharged by Pakellas)
 27071 | Orc:2    | Noticed a stone giant
 27340 | Orc:2    | Found a staircase to the Elven Halls.
 27374 | Orc:2    | Killed a stone giant
 28181 | Orc:2    | Found Lasabul's Distillery.
 28181 | Orc:2    | Found Ydureas's General Store.
 28181 | Orc:2    | Found Quutos's Gadget Shop.
 28184 | Orc:2    | Found Zuus's Magic Scroll Boutique.
 28187 | Orc:2    | Bought a potion of heal wounds for 70 gold pieces
 28187 | Orc:2    | Bought a potion of curing for 42 gold pieces
 28187 | Orc:2    | Bought a potion of curing for 42 gold pieces
 28187 | Orc:2    | Bought a potion of heal wounds for 70 gold pieces
 28187 | Orc:2    | Bought a potion of heal wounds for 70 gold pieces
 28190 | Orc:2    | Bought a scroll of acquirement for 780 gold pieces
 28589 | D:12     | Reached skill level 1 in Armour
 28816 | D:12     | Got a slimy arbalest
 29342 | D:12     | Found an opulent altar of Gozag.
 29349 | D:12     | Got a wizard robe
 29360 | D:12     | Identified the cursed +0 robe "Hapt" {Str+5 SInv} (You found it on level 12 of the Dungeon)
 29653 | D:13     | Noticed Maud
 29661 | D:13     | Killed Maud
 29711 | D:13     | Reached skill level 5 in Armour
 30417 | D:13     | Got a faintly glowing steel ring
 30760 | D:13     | Identified the ring "Quemotarch" {SustAt +Blink MR- Int+2 Dex+4} (You found it on level 13 of the Dungeon)
 31278 | D:13     | Found a gate to the Vaults.
 32042 | D:14     | Reached skill level 1 in Throwing
 32272 | D:14     | Reached XP level 15. HP: 80/156 MP: 4/21
 33140 | D:15     | Entered Level 15 of the Dungeon
 33268 | D:15     | Got a blackened shortbow
 33696 | D:15     | Found a basalt altar of Yredelemnul.
 34446 | D:15     | Found a staircase to the Depths.
 34806 | Orc:2    | Bought a scroll of enchant armour for 112 gold pieces
 34811 | Orc:2    | Bought a scroll of blinking for 112 gold pieces
 34811 | Orc:2    | Bought a scroll of blinking for 112 gold pieces
 34811 | Orc:2    | Bought a scroll of fear for 52 gold pieces
 34817 | Orc:2    | Bought a wand of heal wounds (5/9) for 540 gold pieces
 34818 | Orc:2    | Tedronai: ??gsc
 34818 | Orc:2    | beem: giant spiked club[1/4]: (maces & flails; -7 acc / 22 dam / 1.9 base delay / 0.7 min delay; two handed). A giant lump of wood with sharp spikes at one end. The only playable races that can wield giant spiked clubs are Ogres and Trolls.
 34827 | Orc:2    | Bought a scroll of identify for 20 gold pieces
 35343 | Spider:1 | Entered Level 1 of the Spider Nest
 37153 | Spider:2 | Noticed an emperor scorpion
 37204 | Spider:2 | Killed an emperor scorpion
 37834 | Spider:2 | Reached XP level 16. HP: 128/169 MP: 22/22
 38681 | Spider:3 | Reached skill level 5 in Throwing
 39393 | Spider:3 | Reached skill level 10 in Armour
 39634 | Spider:4 | Entered Level 4 of the Spider Nest
 39659 | Spider:4 | Got a crude amethyst amulet
 39660 | Spider:4 | Identified the amulet "Wurch" {+Rage rF+ rN+} (You found it on level 4 of the Spider Nest)
 39688 | Spider:4 | Got a steaming longbow
 41639 | Spider:4 | Gained mutation: You are clumsy. (Dex -2) [a shining eye]
 41642 | Spider:4 | Gained mutation: You are partially covered in iridescent scales. (AC +4) [a shining eye]
 42145 | Spider:3 | Reached XP level 17. HP: 144/179 MP: 2/24
 42615 | Spider:4 | Reached skill level 10 in Evocations
 42645 | Spider:4 | Got a gossamer rune of Zot
 42986 | Shoals:1 | Entered Level 1 of the Shoals
 42987 | Shoals:1 | Yermak: You know you have secret room on Lair:2?
 42987 | Shoals:1 | Tedronai: I have?
 42989 | Lair:2   | Tedronai: oh
 42989 | Lair:2   | Yermak: The one that needs flying or digging
 42989 | Lair:2   | Yermak: SE
 43058 | Lair:2   | Tedronai: worth it :D
 44085 | Shoals:1 | Upgraded the game from 0.19-a0-749-g66ae36b to 0.19-a0-753-gae73b43
 44088 | Shoals:2 | Found Boeq's General Store.
 44133 | Shoals:2 | Found Codel's Gadget Shoppe.
 44604 | Shoals:2 | Found Xutim's Gadget Shop.
 44762 | Shoals:3 | Got a fabulously ornate robe
 44763 | Shoals:3 | Identified the +1 robe of Plasticity {-Cast rC++ MR+++ MP-9} (You found it on level 3 of the Shoals)
 44872 | Shoals:3 | Noticed Roxanne
 44931 | Shoals:3 | Noticed a kraken
 44970 | Shoals:3 | Killed a kraken
 45180 | Shoals:3 | Noticed Kirke
 45193 | Shoals:3 | Killed Kirke
 45509 | Shoals:4 | Entered Level 4 of the Shoals
 46027 | Shoals:4 | Noticed Louise
 46046 | Shoals:4 | Killed Louise
 46085 | Shoals:3 | Reached skill level 15 in Fighting
 46357 | Shoals:4 | Reached XP level 18. HP: 163/193 MP: 25/25
 47146 | Shoals:4 | Noticed Ilsuiw
 47165 | Shoals:4 | Killed Ilsuiw
 47438 | Shoals:4 | Got a barnacled rune of Zot
 47717 | Vaults:1 | Entered Level 1 of the Vaults
 49312 | Vaults:2 | Reached XP level 19. HP: 165/204 MP: 27/27
 49854 | Vaults:2 | Noticed Xtahua
 49855 | Vaults:2 | --ROOOAAAARR!
 49856 | Vaults:2 | Paralysed by Xtahua for 6 turns
 49867 | Vaults:2 | Killed Xtahua
 50093 | Vaults:2 | Found Feishrim's Weapon Boutique.
 52086 | Vaults:3 | Noticed Donald
 52088 | Vaults:3 | Noticed Jorgrun
 52113 | Vaults:3 | Killed Donald
 52142 | Vaults:3 | Killed Jorgrun
 52142 | Vaults:3 | Reached skill level 10 in Throwing
 52427 | Vaults:3 | Noticed a lich
 52436 | Vaults:3 | Killed a lich
 52725 | Vaults:3 | Reached XP level 20. HP: 119/215 MP: 28/28
 52730 | Vaults:3 | Noticed Mennas
 53201 | Vaults:3 | Killed Mennas
 53818 | Vaults:3 | Found a staircase to the Crypt.
 55761 | Depths:1 | Entered Level 1 of the Depths
 55793 | Depths:1 | Reached XP level 21. HP: 185/227 MP: 30/30
 56089 | Depths:1 | Found a portal to a secret trove of treasure.
 56167 | Depths:1 | Got a dazzling hand crossbow
 56321 | Depths:1 | Found Fifuuc's Antique Armour Shoppe.
 56369 | Depths:1 | Found a gateway to Hell.
 57071 | Depths:1 | Reached skill level 15 in Armour
 57322 | Depths:2 | Found a gateway to a ziggurat.
 57482 | Depths:2 | Noticed Bai Suzhen
 57483 | Depths:2 | Tedronai: ??bai suzhen
 57483 | Depths:2 | beem: bai suzhen[1/3]: New (0.19) draconian unique for lategame: mid-point of Lair branches, Elf:$, Vaults, Crypt, Depths. Starts out casting Summon Hydra. At half health, turns into a dragon (drops weapon, and tramples), is surrounded by thunder clouds and Summon Hydra is replaced with Primal Wave. Lots of health and AC.
 57483 | Depths:2 | Tedronai: ??bai suzhen[2
 57483 | Depths:2 | beem: bai suzhen[2/3]: The ring of thunder storm clouds around her second form hit for 35-80 elec damage 1/3 turns you're in them, so if you lack rElec / !resistance they can quickly kill you.
 57483 | Depths:2 | Tedronai: ??bai suzhen[3
 57483 | Depths:2 | beem: bai suzhen[3/3]: Monster-database bots can show the second form with e.g. "@??bai suzhen dragon".
 57483 | Depths:2 | Tedronai: %??bai suzhen
 57483 | Depths:2 | beem: unknown monster: "bai suzhen"
 57483 | Depths:2 | Tedronai: @??bai suzhen
 57483 | Depths:2 | beem: Bai Suzhen (d)
                  | Spd:
    10 | HD: 20   | HP: 149-213
                  | AC/EV: 14/8
                  | Dam: 24, 14
                  | weapons, items, doors, spellcaster, cold-blooded, see invisible
                  | Res: magic(100), cold, elec+++, poison
                  | Vul: silver
                  | XP: 5279
                  | Sp: sum.hydra
                  | Sz: Medium
                  | Int: human.
 57507 | Depths:2 | Killed Bai Suzhen
 57918 | Depths:2 | Paralysed by a sphinx for 7 turns
 58355 | Depths:2 | Found a one-way gate leading to the halls of Pandemonium.
 58397 | Depths:2 | Noticed Sojobo
 59125 | Depths:2 | Killed Sojobo
 59343 | Depths:2 | Reached XP level 22. HP: 191/240 MP: 16/31
 59542 | Depths:2 | Noticed a juggernaut
 59557 | Depths:2 | Killed a juggernaut
 59767 | Depths:2 | Got a steaming mace
 59770 | Depths:2 | Got a translucent hand axe
 60244 | Depths:3 | Noticed Wiglaf
 60260 | Depths:3 | Killed Wiglaf
 61270 | Depths:3 | Reached skill level 15 in Dodging
 62648 | Depths:4 | Found a one-way gate to the infinite horrors of the Abyss.
 62933 | Depths:4 | Noticed a golden dragon
 62945 | Depths:4 | Killed a golden dragon
 62963 | Depths:4 | Noticed a caustic shrike
 62990 | Depths:4 | Killed a caustic shrike
 63236 | Depths:4 | Noticed a golden dragon
 63252 | Depths:4 | Killed a golden dragon
 63306 | Depths:4 | Reached XP level 23. HP: 223/252 MP: 32/32
 63486 | Depths:4 | Got a crystal greatsling
 63835 | Depths:5 | Entered Level 5 of the Depths
 63877 | Depths:5 | Found Xonaics Zaax's Quality Used Wands.
 64063 | Depths:5 | Found a magical portal.
 64066 | WizLab   | Entered The Roulette of Golubria
 64071 | WizLab   | Found a corrupted altar of Lugonu.
 64362 | WizLab   | Found a corrupted altar of Lugonu.
 64627 | WizLab   | Got an ancient cloak
 64638 | WizLab   | Identified the +1 cloak of the Duke {rElec rPois rC- Slay+4} (You found it in a wizard's laboratory)
 64649 | WizLab   | Got an encrusted cloak
 64660 | WizLab   | Identified the cursed +0 cloak "Xeyst" {rF+} (You found it in a wizard's laboratory)
 64662 | WizLab   | Got a pitted cloak
 64674 | WizLab   | Identified the +2 cloak "Giroqax" {rElec} (You found it in a wizard's laboratory)
 65625 | Depths:5 | Noticed a juggernaut
 65637 | Depths:5 | Killed a juggernaut
 66415 | Depths:5 | Noticed a golden dragon
 66437 | Depths:5 | Killed a golden dragon
 66464 | Depths:5 | Found a gate to the Realm of Zot.
 67232 | Lair:4   | Reached XP level 24. HP: 254/266 MP: 32/32
 67286 | Slime:1  | Entered Level 1 of the Pits of Slime
 67510 | Slime:2  | jacquesderrida: wew
 67510 | Slime:2  | Tedronai: :D
 67525 | Slime:1  | jacquesderrida: Call the ghostbusters
 67525 | Slime:1  | jacquesderrida: They'd like this much green goo
 67525 | Slime:1  | jacquesderrida: ewww
 67541 | Lair:5   | jacquesderrida: @??slime creature
 67541 | Lair:5   | beem: slime creature (J)
                  | Spd:
    10 | HD: 11   | HP: 52-70
                  | AC/EV: 1/4
                  | Dam: 22
                  | amphibious, regen, unbreathing
                  | Res: magic(40), poison, drown
                  | XP:
   264 | Sz: small | Int: brainless.
 67611 | Lair:5   | Tedronai: such annoying little shitheads :)
 68053 | Slime:4  | Paralysed by a great orb of eyes for 3 turns
 68197 | Slime:5  | Entered Level 5 of the Pits of Slime
 68507 | Slime:5  | Found a viscous altar of Jiyva.
 68514 | Slime:5  | Noticed the Royal Jelly
 68538 | Slime:5  | Killed the Royal Jelly
 68627 | Slime:5  | Got a bound lapis lazuli ring
 68628 | Slime:5  | Identified the ring "Faluuvuj" {-Tele +Inv rPois Int+5 Dex+2} (You found it on level 5 of the Pits of Slime)
 68646 | Slime:5  | Identified Xoseluxt's Catalogue of Heat
 68668 | Slime:5  | Identified the Disquisition on Quantum Good Luck
 68678 | Slime:5  | Identified the Grimoire of Floating Clay
 68744 | Slime:5  | --nice
 68780 | Slime:5  | Got a slimy rune of Zot
 69431 | Depths:1 | You showed the slimy rune of Zot to enter a treasure trove
 69432 | Trove    | Entered a treasure trove
 69444 | Trove    | Got a crude cloak
 69446 | Trove    | Got a transparent cloak
 69452 | Trove    | Got an ichor-stained shadow dragon armour
 69456 | Trove    | Got a scorched steam dragon armour
 69470 | Trove    | Identified the +2 cloak of the Ecumenical Temple {*Corrode rN+ MR- Dex+8} (You found it in a treasure trove)
 69480 | Trove    | Identified the +0 cloak "Urea" {*Drain rF++ Slay+5} (You found it in a treasure trove)
 69490 | Trove    | Identified the +0 shadow dragon armour of Shadows and Fog {rC+ Stlth++++} (You found it in a treasure trove)
 69500 | Trove    | Identified the +2 steam dragon armour "Kuon" {Dex+4} (You found it in a treasure trove)
 69719 | Zot:1    | Entered Level 1 of the Realm of Zot
 70222 | Zot:3    | Noticed a curse toe
 70222 | Zot:3    | Noticed a curse toe
 70223 | Zot:3    | --lol really?
 70235 | Zot:2    | Killed a curse toe
 70235 | Zot:2    | Reached XP level 25. HP: 184/279 MP: 19/32
 70428 | Zot:3    | Reached skill level 15 in Throwing
 70478 | Zot:3    | --what is going on here? :D
 70976 | Zot:5    | Entered Level 5 of the Realm of Zot
 71072 | Zot:5    | Noticed tstbtto's ghost (veteran DDFi)
 71084 | Zot:5    | Killed tstbtto's ghost
 71583 | Zot:5    | Noticed an ancient lich
 71678 | Zot:5    | Noticed an ancient lich
 71683 | Zot:5    | Killed an ancient lich
 71693 | Zot:5    | Killed an ancient lich
 71825 | Zot:5    | Noticed an orb of fire
 71828 | Zot:5    | Noticed an orb of fire
 71847 | Zot:5    | Killed an orb of fire
 71867 | Zot:5    | Killed an orb of fire
 71871 | Zot:5    | Noticed a Killer Klown
 71881 | Zot:5    | Killed a Killer Klown
 72396 | Zot:5    | Noticed an ancient lich
 72420 | Zot:5    | Killed an ancient lich
 72420 | Zot:5    | Reached XP level 26. HP: 293/293 MP: 32/32
 72562 | Zot:5    | Noticed an orb of fire
 72588 | Zot:5    | Gained mutation: Scrolls take you a little longer to read. [an orb of fire]
 72589 | Zot:5    | Lost mutation: Scrolls take you a little longer to read. [an orb of fire]
 72592 | Zot:5    | Killed an orb of fire
 72913 | Zot:5    | Got the Orb of Zot
 73527 | D:2      | Noticed Waerr the pandemonium lord
 73542 | D:$      | Escaped with the Orb!

Table legend:
 A = Turns spent in this place as a percentage of turns spent in the entire game.
 B = Non-inter-level travel turns spent in this place as a percentage of non-inter-level travel turns spent in the entire game.
 C = Inter-level travel turns spent in this place as a percentage of turns spent in this place.
 D = Turns resting spent in this place as a percentage of non-inter-level travel turns spent in this place.
 E = Turns spent auto-exploring this place as a percentage of non-inter-level travel turns spent in this place.
 F = Non-inter-level travel turns spent in this place divided by the number of levels of this place that you've seen.
                   A       B       C       D       E      F
               +-------+-------+-------+-------+-------+----------------------
         Total | 100.0 | 100.0 |   0.6 |   2.3 |   3.2 | 507.2
       Dungeon |  24.4 |  24.3 |   0.8 |   2.4 |   5.4 | 452.0
        Temple |   0.1 |   0.1 |   0.0 |   0.0 |   0.0 |  37.0
          Lair |  12.6 |  12.6 |   0.7 |   2.6 |   3.3 | 585.3
        Shoals |   9.4 |   9.4 |   0.8 |   1.6 |   0.0 | 652.5
   Spider Nest |   9.5 |   9.5 |   0.2 |   4.0 |   2.9 | 662.8
    Slime Pits |   3.2 |   3.2 |   0.1 |   1.8 |   0.0 | 180.4
  Orcish Mines |   4.2 |   4.2 |   1.1 |   2.2 |   2.9 | 588.5
        Vaults |  11.3 |  11.4 |   0.3 |   2.0 |   5.7 | 793.5
        Depths |  14.7 |  14.7 |   0.6 |   2.3 |   2.8 | 821.0
           Zot |   6.4 |   6.4 |   1.1 |   0.9 |   0.7 | 356.6
         Trove |   0.2 |   0.2 |   0.0 |   0.0 |   0.0 |  69.0
      Ice Cave |   1.3 |   1.3 |   0.0 |   5.9 |   0.0 | 370.0
       Volcano |   0.4 |   0.4 |   0.0 |   0.0 |   0.0 | 117.0
        Wizlab |   2.2 |   2.2 |   0.0 |   1.0 |   0.0 | 610.0
               +-------+-------+-------+-------+-------+----------------------

Table legend:
 A = Kills in this place as a percentage of kills in entire the game.
 B = Kills by you in this place as a percentage of kills by you in the entire game.
 C = Kills by friends in this place as a percentage of kills by friends in the entire game.
 D = Other kills in this place as a percentage of other kills in the entire game.
 E = Experience gained in this place as a percentage of experience gained in the entire game.
 F = Experience gained in this place divided by the number of levels of this place that you have seen.
                   A       B       C       D       E      F
               +-------+-------+-------+-------+-------+----------------------
         Total | 100.0 | 100.0 | 100.0 | 100.0 | 100.0 | 21161.4
       Dungeon |  21.8 |  22.0 |   6.2 |   0.0 |   5.1 | 3991.9
          Lair |  10.7 |  10.4 |  50.0 |  20.0 |   3.5 | 6814.3
        Shoals |   6.0 |   6.0 |   0.0 |   0.0 |   6.5 | 18850.0
   Spider Nest |   9.2 |   9.1 |  12.5 |  40.0 |   7.3 | 21279.2
    Slime Pits |   4.6 |   4.6 |   0.0 |   0.0 |   7.0 | 16206.2
  Orcish Mines |   5.5 |   5.5 |   0.0 |   0.0 |   1.0 | 5695.5
        Vaults |  18.1 |  18.1 |  12.5 |  20.0 |  19.0 | 55200.2
        Depths |  16.8 |  16.8 |  18.8 |  20.0 |  28.3 | 65798.8
           Zot |   4.4 |   4.4 |   0.0 |   0.0 |  20.3 | 47252.8
      Ice Cave |   1.0 |   1.1 |   0.0 |   0.0 |   0.3 | 3384.0
       Volcano |   0.0 |   0.0 |   0.0 |   0.0 |   0.0 | 196.0
        Wizlab |   1.8 |   1.8 |   0.0 |   0.0 |   1.8 | 20535.0
               +-------+-------+-------+-------+-------+----------------------

Action                   |  1- 3 |  4- 6 |  7- 9 | 10-12 | 13-15 | 16-18 | 19-21 | 22-24 | 25-27 || total
-------------------------+-------+-------+-------+-------+-------+-------+-------+-------+-------++-------
Melee: Short sword       |   103 |       |       |       |       |       |       |       |       ||   103
       Mace              |    53 |   119 |       |       |       |       |       |       |       ||   172
       Dire flail        |       |    69 |   201 |       |       |       |       |       |       ||   270
       Giant club        |       |       |   200 |   830 |  1109 |  1276 |  1366 |  1443 |   287 ||  6511
Throw: Stone             |    31 |     9 |    26 |     5 |       |       |       |       |       ||    71
       Javelin           |    10 |    12 |    36 |    18 |       |       |       |       |       ||    76
       Tomahawk          |       |       |    28 |    35 |     3 |       |       |       |       ||    66
       Large rock        |       |       |       |       |    21 |    31 |    94 |   169 |   101 ||   416
       Throwing net      |       |       |       |       |       |       |     2 |     5 |     4 ||    11
Invok: Quick Charge      |       |       |       |       |     1 |     6 |     1 |     1 |     4 ||    13
       Supercharge       |       |       |       |       |     1 |       |       |       |       ||     1
 Abil: Evoke Berserk Rag |       |       |       |       |       |     2 |     3 |     2 |       ||     7
Evoke: Wand              |     4 |     9 |     8 |    57 |    22 |    59 |    13 |     5 |    13 ||   190
       Rod               |       |       |       |    20 |   196 |   182 |    43 |    37 |     2 ||   480
       Lamp of fire      |       |       |       |     1 |     2 |     3 |       |     1 |       ||     7
       Phantom mirror    |       |       |       |       |     1 |       |     2 |       |     1 ||     4
       Sack of spiders   |       |       |       |       |       |     2 |     2 |       |       ||     4
       Phial of floods   |       |       |       |       |       |       |     3 |     3 |       ||     6
  Use: Potion            |       |     1 |     3 |     4 |     6 |    13 |     9 |    13 |     7 ||    56
       Scroll            |       |     8 |    10 |     7 |    17 |    12 |     8 |    11 |     9 ||    82
 Stab: Sleeping          |     2 |       |       |     2 |     1 |       |       |       |       ||     5
       Confused          |       |     1 |       |    10 |     2 |     8 |     4 |       |       ||    25
       Paralysed         |       |       |       |     5 |     1 |       |     2 |       |       ||     8
       Distracted        |       |       |       |     1 |     1 |     3 |       |       |       ||     5
       Held in net/web   |       |       |       |       |       |       |     1 |     4 |     5 ||    10
  Eat: Chunk             |     3 |     4 |    23 |    39 |    57 |    16 |    26 |    12 |     1 ||   181
       Royal jelly       |       |     2 |       |       |       |       |       |       |       ||     2
       Meat ration       |       |       |     1 |       |     2 |     7 |     2 |     6 |     1 ||    19
       Pizza             |       |       |     1 |       |       |       |       |       |       ||     1
       Fruit             |       |       |     2 |       |       |       |       |       |       ||     2
       Bread ration      |       |       |       |       |     1 |       |       |       |     3 ||     4
Armor: Robe              |    44 |    40 |    62 |    92 |    88 |       |       |       |       ||   326
       Pearl dragon armo |       |       |       |       |   238 |   977 |   397 |   493 |    82 ||  2187
Dodge: Dodged            |    79 |    90 |   200 |   386 |   635 |   830 |   587 |   683 |   122 ||  3612

Vanquished Creatures
  the Royal Jelly (Slime:5)
  3 ancient liches (Zot:5)
  3 orbs of fire (Zot:5)
  2 juggernauts
  The ghost of tstbtto the Grim Reaper, a veteran DDFi of Yredelemnul (Zot:5)
  Sojobo (Depths:2)
  Bai Suzhen (Depths:2)
  2 Killer Klowns (Zot:5)
  Xtahua (Vaults:2)
  4 curse toes
  A caustic shrike (Depths:4)
  6 golden dragons
  2 electric golems (Zot:5)
  Jorgrun (Vaults:3)
  4 liches
  3 tentacled monstrosities
  22 Orb Guardians (Zot:5)
  16 acid blobs
  3 krakens
  3 sphinxes
  3 tentacled starspawn (WizLab)
  3 death cobs
  An eldritch tentacle (WizLab)
  Kirke (Shoals:3)
  8 storm dragons
  Donald (Vaults:3)
  5 tengu reavers
  Ilsuiw (Shoals:4)
  10 vault wardens
  7 fire giants
  Wiglaf (Depths:3)
  A draconian knight (Zot:2)
  A deep elf sorcerer (Vaults:3)
  Louise (Shoals:4)
  9 azure jellies
  3 draconian scorchers
  5 frost giants
  Maud (D:13)
  4 ghost moths
  An iron dragon (Depths:4)
  A draconian shifter (Zot:2)
  A balrug (Depths:2)
  A caustic shrike zombie (Depths:4)
  5 emperor scorpions
  2 draconian zealots
  10 ironheart preservers
  A reaper (Depths:2)
  27 stone giants
  A juggernaut skeleton (Depths:3)
  15 very ugly things
  An entropy weaver (Spider:4)
  4 black draconians
  5 green draconians
  A draconian caller (Depths:5)
  A deep elf annihilator (Depths:4)
  2 pale draconians (Depths:5)
  4 white draconians
  A lorocyproca (Depths:3)
  2 red draconians
  2 purple draconians
  5 mottled draconians
  5 spark wasps
  2 yellow draconians
  3 merfolk javelineers
  22 ettins
  8 great orbs of eyes
  2 death oozes
  5 merfolk impalers
  20 fire dragons
  13 yaktaur captains
  11 ice dragons
  3 hydras
  3 rakshasas (Depths:3)
  3 merfolk avatars (Shoals:4)
  A monstrous demonspawn (Depths:3)
  4 spriggan air magi
  7 vault guards
  14 ogre magi
  9 centaur warriors
  2 dancing weapons
  2 death knights
  3 merfolk aquamancers
  An alligator snapping turtle (Shoals:3)
  5 deep troll shamans
  6 tengu warriors
  3 vampire magi
  13 death yaks
  10 deep troll earth magi
  2 satyrs
  3 spriggan berserkers
  Urug (D:10)
  3 sun demons
  An orc high priest (Orc:2)
  3 deep elf knights
  A titan zombie (Depths:2)
  A storm dragon zombie (Vaults:3)
  A shadow wraith (WizLab)
  3 unseen horrors (shapeshifter)
  6 iron trolls
  3 shadow demons
  15 skeletal warriors
  2 fire crabs (Vaults:2)
  12 sea snakes
  A fire crab (shapeshifter) (Depths:1)
  7 hell knights
  3 unseen horrors
  3 giant orange brains
  A giant orange brain (shapeshifter) (Vaults:1)
  An infernal demonspawn (D:6)
  25 deep trolls
  2 phantasmal warriors
  3 swamp dragons (Depths:5)
  13 ironbrand convokers
  An orange crystal statue (Depths:1)
  2 starcursed masses (WizLab)
  21 harpies
  13 orc knights
  5 flayed ghosts
  A deep elf archer (Vaults:3)
  6 hill giants
  23 orb spiders
  An obsidian statue (WizLab)
  7 orc sorcerers
  6 necromancers
  2 stone giant zombies (Depths:2)
  An orb spider (shapeshifter) (Depths:4)
  6 wizards
  A mana viper (WizLab)
  A tengu skeleton (Vaults:3)
  36 ugly things
  15 fauns
  2 worldbinders (WizLab)
  37 wolf spiders
  5 shining eyes
  6 cyclopes
  9 griffons
  2 deep elf magi
  6 manticores
  4 hornets
  10 sirens
  10 elephants
  7 moths of wrath
  An iron dragon skeleton (Depths:4)
  3 black mambas
  3 water nymphs
  3 frost giant skeletons
  8 vault sentinels
  2 ice statues (IceCv)
  A fire giant skeleton (Vaults:3)
  A torpor snail (Spider:3)
  5 spectral swamp worms (Depths:1)
  4 rust devils
  2 eyes of devastation
  An orange demon (D:8)
  A hellion (Depths:3)
  2 stone giant skeletons
  A gargoyle (D:12)
  2 smoke demons
  10 spiny frogs
  2 kobold demonologists
  An efreet (D:15)
  5 rime drakes
  A rime drake (shapeshifter) (Depths:2)
  9 freezing wraiths
  59 yaktaurs
  9 ice devils
  15 demonic crawlers
  An elf skeleton (Depths:3)
  A spriggan skeleton (WizLab)
  5 komodo dragons
  4 tengu conjurers
  3 yaktaur skeletons
  A hellwing (WizLab)
  An ancient zyme (WizLab)
  7 trolls
  21 two-headed ogres
  A troll (shapeshifter) (D:15)
  21 merfolk
  A giant leech (Spider:4)
  A shadow dragon simulacrum (Vaults:4)
  A wind drake (shapeshifter) (Depths:4)
  3 wind drakes
  3 boulder beetles
  41 jumping spiders
  22 blink frogs
  90 slime creatures
  An iron dragon simulacrum (Depths:4)
  A spriggan zombie (Depths:3)
  Prince Ribbit (D:9)
  A slime creature (shapeshifter) (D:15)
  9 snapping turtles
  An ettin skeleton (Vaults:3)
  4 spriggans
  2 wraiths
  40 redbacks
  7 water elementals
  A tarantella (shapeshifter) (Depths:4)
  2 wyverns
  44 yaks
  Sigmund (D:3)
  2 hill giant zombies
  23 tarantellas
  2 basilisks
  8 air elementals
  A shadow (D:15)
  4 humans
  A ynoxinul (Depths:5)
  3 hogs (Shoals:3)
  3 steam dragons (Depths:5)
  A fire elemental (Volcano)
  A neqoxec (Zot:5)
  23 vampire mosquitoes
  6 hippogriffs
  A mottled dragon (D:11)
  5 hungry ghosts
  8 wargs
  5 spatial vortices (WizLab)
  An insubstantial wisp (WizLab)
  A monstrous demonspawn skeleton (WizLab)
  11 water moccasins
  A soldier ant (D:12)
  2 giant eyeballs
  A hell hound (shapeshifter) (Depths:5)
  9 porcupines
  6 ice beasts
  5 sky beasts
  45 orc warriors
  2 necrophages
  6 eyes of draining
  A tengu (Lair:4)
  8 wasps
  52 ogres
  10 boggarts
  3 phantoms
  14 centaurs
  6 wolves
  21 crocodiles
  Blork the orc (D:4)
  3 elf zombies
  18 giant frogs
  2 wyvern zombies
  2 water moccasin zombies
  4 scorpions
  A troll zombie (D:11)
  12 killer bees (D:12)
  3 wights (D:13)
  An electric eel (Lair:2)
  8 howler monkeys
  4 centaur zombies
  10 crimson imps
  2 giant frog zombies
  A human simulacrum (Vaults:3)
  A gnoll shaman (D:5)
  4 human zombies (D:15)
  4 hounds
  41 orc wizards
  3 centaur skeletons
  14 jellies
  22 orc priests
  2 quasits
  A giant frog skeleton (D:11)
  5 iguanas
  13 human skeletons
  15 worker ants
  35 sheep
  6 ogre zombies (D:11)
  A hound zombie (D:10)
  A mummy (D:15)
  A worker ant zombie (D:9)
  10 adders
  A howler monkey skeleton (D:6)
  41 river rats
  10 shadow imps
  8 white imps
  11 ufetubi
  2 oozes
  An adder zombie (D:5)
  An adder skeleton (D:8)
  3 worms
  3 dart slugs
  3 giant geckos
  94 orcs
  9 bats
  6 giant cockroaches
  9 goblins
  3 hobgoblins
  9 jackals
  5 quokkas
  2 ball pythons (D:1)
  2 giant gecko zombies
  7 giant newts
  3 goblin skeletons (D:11)
  3 goblin zombies (D:11)
  3 hobgoblin zombies (D:11)
  7 kobolds
  4 orc skeletons
  13 orc zombies
  10 rats
  A fungus (Lair:6)
  2 lurking horrors (WizLab)
  7 plants
  3 starspawn tentacles (WizLab)
  4 tentacles
2118 creatures vanquished.

Vanquished Creatures (collateral kills)
  Mennas (Vaults:3)
  A golden dragon (Depths:4)
  A hydra (Lair:6)
  An ironbrand convoker (Vaults:4)
  An orb spider (Spider:4)
  A jumping spider (Spider:4)
  A basilisk (Lair:3)
  A yak (Lair:1)
  A neqoxec (Depths:3)
  A porcupine (Lair:3)
  A sheep (Lair:1)
  3 river rats (Lair:3)
  An ufetubus (Depths:3)
  A giant gecko skeleton (D:5)
16 creatures vanquished.

Vanquished Creatures (others)
  The ghost of Amnesiac the Black Sun, a journeyman DEWz of Kikubaaqudgha (IceCv)
  A wolf spider (Spider:4)
  A torpor snail (Spider:2)
  A yaktaur (Vaults:3)
  3 yaks
  A human (Shoals:3)
  2 ogres
  A boggart (Depths:2)
  An electric eel (Lair:1)
  A sheep (Lair:1)
  A white imp (IceCv)
  3 ufetubi (IceCv)
  A ball lightning (Depths:1)
  An orc (Vaults:3)
  A bat (D:2)
  2130 eldritch tentacle segments (WizLab)
  4 fungi
  33 plants
  3 starspawn tentacles (WizLab)
  5 starspawn tentacle segments (WizLab)
  32 tentacles
  747 tentacle segments
2974 creatures vanquished.

Grand Total: 5108 creatures vanquished
